 Dungeon Crawl Stone Soup version 0.18.1-50-g88ac8fd (webtiles) character file.

28320 magog001 the Cruncher (level 13, 0/125 HPs)
             Began as a Minotaur Fighter on July 22, 2018.
             Was an Elder of Nemelex Xobeh.
             Slain by an orc warrior
             ... wielding a +0 dire flail
             ... led by an orc warlord
              (10 damage)
             ... on level 2 of the Orcish Mines on July 23, 2018.
             The game lasted 01:16:47 (14013 turns).

magog001 the Cruncher (Minotaur Fighter)           Turns: 14013, Time: 01:16:48

Health: 0/125      AC: 22    Str: 29    XL:     13   Next: 9%
Magic:  0/23       EV:  9    Int:  5    God:    Nemelex Xobeh [****..]
Gold:   934        SH:  0    Dex: 11    Spells: 0 memorised, 12 levels left

rFire  . . .     SeeInvis .     v - +5 quarterstaff "Icvyth" {crush, Str+4}
rCold  . . .     Gourm    .     i - +5 chain mail {rPois}
rNeg   . . .     Faith    .     (shield currently unavailable)
rPois  +         Spirit   +     (helmet restricted)
rElec  .         Dismiss  .     p - +0 cloak
rCorr  .         Reflect  .     L - +0 pair of gloves
SustAt .         Harm     .     (no boots)
MR     .....                    G - amulet of guardian spirit
Stlth  +.........               S - ring of stealth
                                a - ring of magical power

@: especially stealthy, not resistant to hostile enchantments, very unstealthy
A: retaliatory headbutt, horns 2, icy blue scales 1, high mp 1
a: Triple Draw, Deal Four, Renounce Religion


You were on level 2 of the Orcish Mines.
You worshipped Nemelex Xobeh.
Nemelex Xobeh was greatly pleased with you.
You were not hungry.

You visited 3 branches of the dungeon, and saw 14 of its levels.

You collected 1633 gold pieces.
You spent 699 gold pieces at shops.

Inventory:

Hand Weapons
 d - a +3 battleaxe of freezing
 s - a +0 hunting sling of evasion
 v - the +5 quarterstaff "Icvyth" (weapon) {crush, Str+4}
   (You found it on level 4 of the Dungeon)

   It inflicts extra damage upon your enemies.
   It affects your strength (+4).
 P - a +0 blowgun
 Q - a +0 dagger of venom
Missiles
 g - 2 tomahawks of returning
 z - 24 tomahawks
 D - 3 exploding tomahawks
 E - 2 tomahawks of dispersal
 J - 2 throwing nets (quivered)
Armour
 i - a +5 chain mail of poison resistance (worn)
 p - a +0 cloak (worn)
 L - a +0 pair of gloves (worn)
Jewellery
 a - a ring of magical power (left hand)
 l - an uncursed ring of protection from cold
 n - a +3 ring of evasion
 G - an amulet of guardian spirit (around neck)
 S - a ring of stealth (right hand)
 V - the ring "Fedwiqee" {rElec rN+ MP-9 Int+3 Dex+8, unknown}
   (You found it on level 11 of the Dungeon)

   [ring of intelligence]

   It affects your intelligence (+3).
   It affects your dexterity (+8).
   It insulates you from electricity.
   It protects you from negative energy.
   It affects your magic capacity (-9).
Wands
 h - a wand of confusion (19/48)
 q - a wand of iceblast (0/15)
 u - a wand of slowing (25/48)
 w - a wand of random effects (17/48)
 F - a wand of flame (20/48)
 H - a wand of enslavement (8/24)
 R - a wand of paralysis (18/24)
 U - a wand of lightning (1/15)
Scrolls
 j - a scroll of identify
 o - a scroll of random uselessness
 y - 2 scrolls of magic mapping
 A - 4 scrolls of remove curse
 C - a scroll of fear
 K - a scroll of amnesia
 M - a scroll of blinking
Potions
 t - a potion of cure mutation
 N - a potion of curing
Miscellaneous
 b - a plain deck of war {drawn: 2}
 c - a plain deck of destruction
 e - an ornate deck of destruction {drawn: 7}
 m - an ornate deck of destruction
 x - a plain deck of destruction
 B - a plain deck of destruction
Comestibles
 f - 5 bread rations
 r - 10 meat rations
 I - 3 beef jerkies


   Skills:
 * Level 14.3 Fighting
 - Level 3.7 Axes
   Level 0.2(10.2) Maces & Flails
 * Level 14.9 Staves
 + Level 0.2 Throwing
 * Level 14.8 Armour
 - Level 0.9 Dodging
   Level 5.4 Shields
 + Level 1.6 Evocations


You had 12 spell levels left.
You didn't know any spells.

Dungeon Overview and Level Annotations

Branches:
Dungeon (11/15)            Temple (1/1) D:4            Lair (0/8) D:8
    Orc (2/2) D:11            Elf (0/3) Orc:2

Altars:
Ashenzari
Cheibriados
Dithmenos
Elyvilon
Fedhas
Gozag
Kikubaaqudgha
Makhleb
Nemelex Xobeh
Okawaru
Pakellas
Ru
Xom
Yredelemnul
Zin
The Shining One
Beogh

Shops:
D:5 (   D:11 *   Orc:1 !   Orc:2 (


Innate Abilities, Weirdness & Mutations

You reflexively headbutt those who attack you in melee.
You have a pair of horns on your head.
You are partially covered in icy blue scales (AC +1).
You have an increased reservoir of magic (+10% MP).


Message History

You thump the orc warlord!
The orc warlord is almost dead.
The orc warrior hits you with a dire flail!
* * * LOW HITPOINT WARNING * * *
Unknown command.
You hit the orc warlord but do no damage.
The orc warlord is almost dead.
The orc hits you with a mace.
* * * LOW HITPOINT WARNING * * *
The ogre hits you with a giant club!
* * * LOW HITPOINT WARNING * * *
The troll barely misses you.
The troll claws you but does no damage. x2
The orc warlord closely misses you. You furiously retaliate!
You headbutt the orc warlord!
You kill the orc warlord!
Evoke which item? (* to show all) (? for menu, Esc to quit)
You draw a card...
It is the Shadow.
You feel stealthy.
The orc warrior hits you with a dire flail!
You die...
Your body glows slightly and disappears.

* ### #................#...#
** #.####.#............###.##
.**####...###...........<##
### .,##.##....###.>.......###
.##.........###.........###
..#........#####...[......##
...#........##...)..[......#
...............O)o.[[.....###
.......#.......)@T..........##
....####.........o##.........#
...## #....).....###........#
....##*#..........##.........#
.....#.#.)........####.....###
#........)...#.....#....#..#
#........))#.#.....#...##.##
##.#......#####.#.......#*#
####.......* ###......##


You could see a troll, an orc warrior, an ogre and an orc.

Vanquished Creatures
  An orc warlord (Orc:2)
  Snorg (Orc:1)
  Harold (D:11)
  The ghost of Amnesiac the Pioneer, a journeyman VSFi of Pakellas (Orc:2)
  3 orc high priests
  Urug (Orc:1)
  Nergalle (D:10)
  Sonja (D:11)
  A hill giant (D:11)
  3 orc knights
  Pikel (D:4)
  9 orc sorcerers
  An ugly thing (D:10)
  3 cyclopes
  Maurice (D:8)
  4 trolls
  Grinder (D:3)
  A two-headed ogre (Orc:1)
  Grum (D:9)
  4 wargs
  Duvessa (D:5)
  A water moccasin (D:10)
  4 sky beasts
  31 orc warriors
  4 ice beasts
  2 slaves (D:4)
  4 black bears
  11 ogres
  4 phantoms
  A wasp (D:11)
  A necrophage (D:11)
  4 wolves (D:9)
  4 centaurs
  A water moccasin zombie (D:7)
  8 giant frogs
  Dowan (D:5)
  6 scorpions
  20 killer bees
  7 wights
  7 howler monkeys
  4 crimson imps
  4 hounds
  2 jellies
  A quasit (D:9)
  Crazy Yiuf (D:3)
  24 orc priests
  32 orc wizards
  4 centaur skeletons
  3 giant frog skeletons (D:5)
  3 iguanas
  3 worker ants
  Ijyb (D:3)
  4 sheep (Orc:1)
  A hound zombie (D:7)
  5 worker ant zombies
  Robin (D:3)
  4 gnolls (D:10)
  4 adders
  A shadow imp (D:7)
  A white imp (Orc:2)
  2 adder zombies
  3 adder skeletons
  3 dart slugs
  5 worms
  5 giant geckos
  75 orcs
  9 bats
  6 giant cockroaches
  15 goblins
  12 hobgoblins
  7 jackals
  3 quokkas
  2 ball pythons
  A giant gecko skeleton (D:5)
  4 giant newts
  2 jackal zombies
  8 kobolds
  A quokka skeleton (D:5)
  8 rats
436 creatures vanquished.

Vanquished Creatures (collateral kills)
  A hydra (D:11)
  An orc sorcerer (Orc:2)
  An ogre (Orc:2)
  An orc priest (Orc:2)
  An orc (Orc:2)
5 creatures vanquished.

Vanquished Creatures (others)
  An ogre mage (D:11)
  An ugly thing (D:11)
  A cyclops (D:11)
  An ogre (D:11)
  A crocodile (D:11)
  An orc priest (Orc:2)
  2 orcs
8 creatures vanquished.

Grand Total: 449 creatures vanquished

Notes
Turn   | Place    | Note
--------------------------------------------------------------
     0 | D:1      | magog001 the Minotaur Fighter began the quest for the Orb.
     0 | D:1      | Reached XP level 1. HP: 19/19 MP: 0/0
    95 | D:1      | Reached XP level 2. HP: 18/27 MP: 1/1
   423 | D:1      | Reached XP level 3. HP: 33/33 MP: 2/2
  1214 | D:2      | Found a burning altar of Makhleb.
  1214 | D:2      | Noticed a blizzard demon
  1217 | D:2      | Noticed a hellwing
  1217 | D:2      | Noticed a neqoxec
  1262 | D:2      | Found an ancient bone altar of Kikubaaqudgha.
  1666 | D:3      | Reached XP level 4. HP: 41/41 MP: 3/3
  1716 | D:3      | Noticed Grinder
  1723 | D:3      | Killed Grinder
  1723 | D:3      | Reached skill level 5 in Fighting
  1723 | D:3      | Reached skill level 5 in Armour
  1723 | D:3      | Reached skill level 5 in Shields
  1723 | D:3      | Reached XP level 5. HP: 26/48 MP: 4/4
  1723 | D:3      | Reached XP level 6. HP: 31/56 MP: 5/5
  1786 | D:3      | Noticed Crazy Yiuf
  1792 | D:3      | Killed Crazy Yiuf
  1860 | D:3      | Noticed Ijyb
  1869 | D:3      | Killed Ijyb
  2075 | D:3      | Noticed Robin
  2088 | D:3      | Killed Robin
  2272 | D:3      | Found a faded altar to an unknown god.
  2500 | D:4      | Found a staircase to the Ecumenical Temple.
  2627 | Temple   | Entered the Ecumenical Temple
  2670 | Temple   | Became a worshipper of Nemelex Xobeh the Trickster
  2709 | D:4      | Got a smoking quarterstaff
  2715 | D:4      | Identified the +5 quarterstaff "Icvyth" {crush, Str+4} (You found it on level 4 of the Dungeon)
  2884 | D:4      | Received a gift from Nemelex Xobeh
  3020 | D:4      | Reached XP level 7. HP: 62/62 MP: 6/6
  3066 | D:4      | Noticed Pikel
  3081 | D:4      | Killed Pikel
  3417 | D:5      | Entered Level 5 of the Dungeon
  3422 | D:5      | Reached XP level 8. HP: 57/71 MP: 7/7
  3936 | D:5      | Found Nesch's Weapon Shop.
  3976 | D:5      | Bought 3 exploding tomahawks for 42 gold pieces
  4060 | D:5      | Reached * piety under Nemelex Xobeh
  4060 | D:5      | Received a gift from Nemelex Xobeh
  4082 | D:5      | Noticed Dowan
  4087 | D:5      | Noticed Duvessa
  4095 | D:5      | Killed Duvessa
  4102 | D:5      | Killed Dowan
  4178 | D:5      | Found a snail-covered altar of Cheibriados.
  4178 | D:5      | Found an iron altar of Okawaru.
  4408 | D:5      | Reached skill level 5 in Staves
  4448 | D:5      | Reached skill level 10 in Armour
  4572 | D:6      | Found an oddly glowing altar of Pakellas.
  4733 | D:5      | Found an oddly glowing altar of Pakellas.
  4735 | D:5      | Reached XP level 9. HP: 80/80 MP: 8/8
  4911 | D:6      | Noticed an angel
  4926 | D:6      | Found a shimmering altar of Xom.
  4926 | D:6      | Found a glowing silver altar of Zin.
  5479 | D:7      | Reached ** piety under Nemelex Xobeh
  5782 | D:7      | Identified a -3 rod of inaccuracy (11/11) (You found it on level 7 of the Dungeon)
  6030 | D:8      | Found a staircase to the Lair.
  6180 | D:8      | Noticed Maurice
  6200 | D:8      | Killed Maurice
  6267 | D:8      | Reached XP level 10. HP: 84/92 MP: 9/9
  6311 | D:8      | Found a shadowy altar of Dithmenos.
  6493 | D:9      | Noticed Grum
  6512 | D:9      | Killed Grum
  6512 | D:9      | Reached skill level 10 in Fighting
  6813 | D:9      | Gained mutation: You have an increased reservoir of magic (+10% MP). [potion of mutation]
  6813 | D:9      | Gained mutation: You are partially covered in icy blue scales (AC +1). [potion of mutation]
  6982 | D:9      | Found a glowing golden altar of the Shining One.
  6984 | D:9      | Noticed an angel
  6992 | D:9      | Found a basalt altar of Yredelemnul.
  6994 | D:9      | Noticed a profane servitor
  7396 | D:9      | Received a gift from Nemelex Xobeh
  7775 | D:9      | Found a blossoming altar of Fedhas.
  8233 | D:10     | Entered Level 10 of the Dungeon
  8266 | D:10     | Reached *** piety under Nemelex Xobeh
  8360 | D:10     | Received a gift from Nemelex Xobeh
  8392 | D:10     | Noticed Nergalle
  8403 | D:10     | Noticed a white ugly thing
  8411 | D:10     | Killed Nergalle
  8411 | D:10     | Reached skill level 10 in Staves
  8420 | D:10     | Killed a white ugly thing
  9080 | D:10     | Received a gift from Nemelex Xobeh
  9091 | D:11     | Found an iron altar of Okawaru.
  9113 | D:11     | Killed a cyclops
  9130 | D:11     | Noticed a cyclops
  9141 | D:11     | Killed a cyclops
  9141 | D:11     | Reached XP level 11. HP: 77/102 MP: 11/11
  9180 | D:11     | Noticed Sonja
  9393 | D:11     | Found a staircase to the Orcish Mines.
  9425 | D:11     | Found a roughly hewn altar of Beogh.
  9527 | D:11     | Reached **** piety under Nemelex Xobeh
  9570 | D:11     | Killed Sonja
  9706 | D:11     | Found Zygef's Assorted Antiques.
  9910 | D:11     | Noticed Harold
  9928 | D:11     | Killed Harold
  9977 | D:11     | Killed a cyan ugly thing
  9978 | D:11     | Killed an ogre mage
 10081 | D:11     | Bought a scroll labeled ORUTWAO GEXZOST for 33 gold pieces
 10081 | D:11     | Bought a copper ring for 165 gold pieces
 10081 | D:11     | Bought a potion of curing for 99 gold pieces
 10081 | D:11     | Bought a bronze wand for 132 gold pieces
 10160 | D:11     | Got a clouded brass ring
 10169 | D:11     | Found a shimmering altar of Xom.
 10197 | D:11     | Noticed a hill giant
 10209 | D:11     | Killed a hill giant
 10226 | Orc:1    | Entered Level 1 of the Orcish Mines
 10398 | Orc:1    | Found Tegi's Distillery.
 10431 | Orc:1    | Bought a potion of curing for 36 gold pieces
 10431 | Orc:1    | Bought 2 potions of curing for 72 gold pieces
 10431 | Orc:1    | Bought a potion of heal wounds for 60 gold pieces
 10431 | Orc:1    | Bought a potion of heal wounds for 60 gold pieces
 10598 | Orc:1    | Noticed Snorg
 10609 | Orc:1    | Killed Snorg
 10677 | Orc:1    | Noticed an orc sorcerer
 10686 | Orc:1    | Killed an orc sorcerer
 10760 | Orc:1    | Noticed an orc knight
 10805 | Orc:1    | Killed an orc knight
 11093 | Orc:1    | Noticed an orc sorcerer
 11097 | Orc:1    | Killed an orc sorcerer
 11179 | Orc:1    | Reached XP level 12. HP: 86/113 MP: 12/12
 11342 | Orc:1    | Noticed an orc high priest
 11375 | Orc:1    | Killed an orc high priest
 11423 | D:11     | Noticed a four-headed hydra
 11431 | D:11     | Killed a four-headed hydra
 11971 | Orc:2    | Entered Level 2 of the Orcish Mines
 11976 | Orc:2    | Noticed an orc high priest
 12027 | Orc:2    | Killed an orc high priest
 12048 | Orc:2    | Received a gift from Nemelex Xobeh
 12050 | Orc:2    | Found a staircase to the Elven Halls.
 12078 | Orc:2    | Noticed an orc high priest
 12080 | Orc:2    | Noticed an orc warlord
 12219 | Orc:2    | Paralysed by an orc sorcerer for 2 turns
 12223 | Orc:2    | Reached skill level 1 in Evocations
 12702 | Orc:2    | Noticed Urug
 12705 | Orc:2    | Found a roughly hewn altar of Beogh.
 13226 | Orc:2    | Noticed Amnesiac's ghost (journeyman VSFi)
 13246 | Orc:2    | Killed Amnesiac's ghost
 13363 | Orc:2    | Killed an orc high priest
 13377 | Orc:2    | Found Budef's Antique Weapon Boutique.
 13419 | Orc:1    | Killed Urug
 13668 | Orc:2    | Reached XP level 13. HP: 98/124 MP: 14/14
 13990 | Orc:2    | Noticed an orc warlord
 14012 | Orc:2    | Killed an orc warlord
 14013 | Orc:2    | Slain by an orc warrior

Skill      XL: |  1  2  3  4  5  6  7  8  9 10 11 12 |
---------------+-------------------------------------+-----
Shields        | 4 5 |  5.4
Armour         | 4 5 6 8 10 11 12 13 14 | 14.8
Fighting       | 4 5 6 7 9 11 12 14 | 14.3
Axes           | 3 |  3.7
Staves         | 2 5 8 10 12 14 | 14.9
Evocations     | 1 |  1.6
Maces & Flails | |  0.2
Throwing       | |  0.2
Dodging        | |  0.9

Action                   |  1- 3 |  4- 6 |  7- 9 | 10-12 | 13-15 || total
-------------------------+-------+-------+-------+-------+-------++-------
Melee: War axe           |   111 |    52 |       |       |       ||   163
       Headbutt          |    12 |    14 |    34 |   158 |    13 ||   231
       Quarterstaff      |       |    16 |   225 |   680 |    40 ||   961
       Club              |       |    16 |       |       |       ||    16
Throw: Throwing net      |       |       |       |     1 |       ||     1
Evoke: Wand              |       |       |       |    14 |       ||    14
       Deck              |       |       |       |     8 |     1 ||     9
  Use: Scroll            |       |     1 |     4 |    10 |       ||    15
       Potion            |       |       |       |    19 |     1 ||    20
  Eat: Chunk             |     2 |     3 |     5 |     4 |       ||    14
       Beef jerky        |     1 |       |     2 |     4 |       ||     7
       Pizza             |       |       |     2 |       |       ||     2
       Bread ration      |       |       |       |     2 |     1 ||     3
       Meat ration       |       |       |       |     1 |       ||     1
Armor: Scale mail        |    55 |    33 |    29 |       |       ||   117
       Chain mail        |       |       |    68 |   454 |    27 ||   549
Dodge: Dodged            |    40 |    47 |   131 |   348 |    26 ||   592
Block: Shield            |    71 |    40 |       |       |       ||   111
